 Dungeon Crawl Stone Soup version 0.18.1-50-g88ac8fd (webtiles) character file.

72 minion21g the Insei (level 4, 0/28 HPs)
             Began as an Octopode Transmuter on Mar 13, 2017.
             Slain by an orc wizard
             ... wielding a +0 dagger
              (2 damage)
             ... on level 3 of the Dungeon.
             The game lasted 00:04:13 (1767 turns).

minion21g the Insei (Octopode Transmuter)           Turns: 1767, Time: 00:04:13

Health: 0/28       AC:  1    Str:  9    XL:     4   Next: 25%
Magic:  4/7        EV: 12    Int: 15    God:
Gold:   114        SH:  0    Dex: 13    Spells: 2 memorised, 3 levels left

rFire  . . .     SeeInvis .       - Unarmed
rCold  + . .     Gourm    .     (no shield)
rNeg   . . .     Faith    .     (helmet restricted)
rPois  .         Spirit   .     (no amulet)
rElec  .         Dismiss  .     g - ring of protection from cold
rCorr  .         Reflect  .     (no ring)
SustAt .         Harm     .     (no ring)
MR     .....                    (no ring)
Stlth  +++.......               (no ring)
                                (no ring)
                                (no ring)
                                (no ring)

@: not resistant to hostile enchantments, fairly stealthy
A: almost no armour, amphibious, 8 rings, constrict 8, camouflage 1, gelatinous
body 1
a: no special abilities


You were on level 3 of the Dungeon.
You were not hungry.

You visited 1 branch of the dungeon, and saw 3 of its levels.

You collected 114 gold pieces.

Inventory:

Missiles
 a - 12 arrows
Jewellery
 g - a ring of protection from cold (left tentacle)
Scrolls
 i - a scroll of enchant armour
 k - 3 scrolls of amnesia
Books
 b - a book of Changes

   Spells                             Type                      Level
   a - Beastly Appendage              Transmutation                1
   b - Sticks to Snakes               Transmutation                2
   c - Spider Form                    Transmutation/Poison         3
   d - Ice Form                       Ice/Transmutation            4
   e - Blade Hands                    Transmutation                5
Comestibles
 c - 3 bread rations
 f - 2 meat rations
 q - a beef jerky


   Skills:
 + Level 1.4 Fighting
 + Level 2.4 Dodging
 + Level 2.0 Stealth
 + Level 3.6 Unarmed Combat
 + Level 2.4 Spellcasting
 + Level 2.4 Transmutations


You had 3 spell levels left.
You knew the following spells:

 Your Spells              Type           Power        Failure   Level  Hunger
a - Beastly Appendage     Trmt           #.....       10%         1    #......
b - Spider Form           Trmt/Pois      #.........   43%         3    ###....


Dungeon Overview and Level Annotations

Branches:
Dungeon (3/15)

Altars:
Qazlal


Innate Abilities, Weirdness & Mutations

You cannot wear most types of armour.
You are amphibious.
You can wear up to eight rings at the same time.
You can use your tentacles to constrict eight enemies at once.
Your skin changes colour to match your surroundings (Stealth).
Your rubbery body absorbs attacks (AC +1).


Message History

The bat hits you.
* * * LOW HITPOINT WARNING * * *
The orc wizard barely misses you.
You closely miss the bat. Your grab misses the bat.
You constrict the orc wizard, but do no damage.
The bat closely misses you. The orc wizard hits you with a dagger.
* * * LOW HITPOINT WARNING * * *
The orc wizard hits you but does no damage.
You tentacle-slap the orc wizard.
You kill the orc wizard!
Your Stealth skill increases to level 2!
You have reached level 4!
You constrict the orc wizard. The bat hits you but does no damage.
The orc wizard hits you with a dagger.
* * * LOW HITPOINT WARNING * * *
You bludgeon the orc wizard!
The orc wizard is heavily wounded.
You constrict the orc wizard. The bat completely misses you.
The orc wizard hits you with a dagger.
You die...

..######.#
.........#
..######.##########
.................#
.#######.###.....##.
#.###......).
#.##.)..[.##.
#.##o.....#
#....@#.###
......b)..#
##..###..## #.. ...#
... .#.. .# #. .$.
.. .## #. ..


You could see an orc wizard and a bat.

Vanquished Creatures
  An orc wizard (D:3)
  A worm (D:2)
  2 giant geckos (D:1)
  An orc (D:3)
  A bat (D:1)
  3 giant cockroaches
  6 goblins
  5 hobgoblins
  2 kobolds (D:2)
  2 ball pythons (D:2)
  7 giant newts
  5 rats
36 creatures vanquished.

Notes
Turn   | Place    | Note
--------------------------------------------------------------
     0 | D:1      | minion21g the Octopode Transmuter began the quest for the Orb.
     0 | D:1      | Reached XP level 1. HP: 13/13 MP: 3/3
   364 | D:1      | Reached XP level 2. HP: 18/18 MP: 5/5
   570 | D:1      | Reached skill level 1 in Stealth
   775 | D:2      | Found a stormy altar of Qazlal.
  1152 | D:2      | Reached XP level 3. HP: 23/23 MP: 6/6
  1597 | D:2      | Learned a level 3 spell: Spider Form
  1766 | D:3      | Reached XP level 4. HP: 3/28 MP: 4/7
  1767 | D:3      | Slain by an orc wizard

Skill      XL: |  1  2  3 |
---------------+----------+-----
Stealth        | 1 2 |  2.0
Fighting       | |  1.4
Dodging        | |  2.4
Unarmed Combat | |  3.6
Spellcasting   | |  2.4
Transmutations | |  2.4

Action                   |  1- 3 |  4- 6 || total
-------------------------+-------+-------++-------
Melee: Unarmed           |    84 |     1 ||    85
       Constrict         |    17 |       ||    17
       Punch             |     3 |       ||     3
       Tentacles         |     6 |       ||     6
       Kick              |     4 |       ||     4
 Cast: Beastly Appendage |     6 |       ||     6
       Spider Form       |     1 |       ||     1
  Use: Scroll            |     6 |       ||     6
       Potion            |     4 |       ||     4
 Stab: Sleeping          |     6 |       ||     6
  Eat: Fruit             |     3 |       ||     3
Armor: Skin              |     8 |     1 ||     9
Dodge: Dodged            |    39 |     1 ||    40
